 Dungeon Crawl Stone Soup version 0.21.1-1-g345015f (webtiles) character file.

81 Fang the Skirmisher (level 4, -8/43 HPs)
             Began as a Gargoyle Berserker on May 31, 2018.
             Was a Believer of Trog.
             Killed from afar by antares's ghost (20 damage)
             ... with a spray of energy
             ... on level 3 of the Dungeon.
             The game lasted 00:01:32 (1691 turns).

Fang the Skirmisher (Gargoyle Berserker)            Turns: 1691, Time: 00:01:33

Health: -8/43      AC:  5    Str: 26    XL:     4   Next: 40%
Magic:  4/4        EV: 12    Int:  8    God:    Trog [**....]
Gold:   105        SH:  0    Dex:  9    Spells: 3/3 levels left

rFire    . . .     SeeInvis .   a - +0 hand axe
rCold    . . .     Gourm    .   (no shield)
rNeg     + . .     Faith    .   b - +0 animal skin
rPois    ∞         Spirit   .   (no helmet)
rElec    +         Reflect  .   (no cloak)
rCorr    .         Harm     .   (no gloves)
MR       .....                  (no boots)
Stlth    ..........             (no amulet)
HPRegen  0.14/turn              (no ring)
MPRegen  0.09/turn              (no ring)

@: berserking, very quick
A: negative energy resistance 1, electricity resistance, unbreathing,
petrification resistance, rot immunity, AC +3
a: Berserk, Trog's Hand, Burn Spellbooks, Renounce Religion


You were on level 3 of the Dungeon.
You worshipped Trog.
Trog was pleased with you.
You were very hungry.

You visited 1 branch of the dungeon, and saw 3 of its levels.

You collected 105 gold pieces.

Inventory:

Hand Weapons
 a - a +0 hand axe (weapon)
Armour
 b - a +0 animal skin (worn)
Jewellery
 i - an uncursed ring of ice {unknown}
Scrolls
 d - a scroll of teleportation {unknown}
 e - 3 scrolls of identify {unknown}
Potions
 f - 2 potions of agility {unknown}
 g - a potion of magic {unknown}
 h - a potion of curing {unknown}
 k - a potion of lignification {unknown}
Books
 l - a book of Cantrips

   Spells                             Type                      Level
   a - Confusing Touch                Hexes                        1
   b - Animate Skeleton               Necromancy                   1
   c - Summon Small Mammal            Summoning                    1
   d - Apportation                    Translocation                1
   Trog disapproves of the use of such an item.
Comestibles
 c - 5 rations


   Skills:
 + Level 3.9 Fighting
 + Level 3.6 Axes
 + Level 2.5 Armour
 + Level 2.2 Dodging


You had 3 spell levels left.
You didn't know any spells.

Dungeon Overview and Level Annotations

Branches:
Dungeon (3/15)

Altars:
Trog

Annotations:
D:3 antares's ghost, amateur OpCj


Innate Abilities, Weirdness & Mutations

You are resistant to torment.
Your stone body is resilient. (AC +3)
You are immune to poison.
You resist negative energy. (rN+)
You are resistant to electric shocks. (rElec)
You can survive without breathing.
You are immune to petrification.
You are immune to rotting.


Message History

Antares's ghost casts a spell at you. The orb of energy hits you!
Ouch! That really hurt!
* * * LOW HITPOINT WARNING * * *
The orb of energy explodes!
Found a puce potion.
You are too injured to fight recklessly!
Unknown command.
Unknown command.
You are too injured to fight recklessly!
You are too injured to fight recklessly!
You are too injured to fight recklessly!
You are too injured to fight recklessly!
You are too injured to fight recklessly!
A red film seems to cover your vision as you go berserk!
You feel yourself moving faster!
You feel mighty!
You are feeling very hungry.
Antares's ghost casts a spell at you. The spray of energy hits you!
You die...

###### ..... ##.....##
#..... #.......##
...... .........#
#####...... .........#
#.......... .........#
#..........
......†..###)..$......
..>....<.##?†.@W.....!
#.......<..†........##
.......(....#####.###
.........#### ..
.........# .)#
.........# ..
.........# #
#........# #.....#.#


You could see antares's ghost.

Vanquished Creatures
  A gnoll (D:1)
  An adder (D:2)
  2 oozes
  A worm (D:2)
  3 leopard geckos (D:1)
  4 bats
  3 giant cockroaches
  4 goblins
  9 hobgoblins
  4 jackals (D:1)
  A quokka (D:3)
  A frilled lizard (D:2)
  5 kobolds
  6 rats
45 creatures vanquished.

Notes
Turn   | Place    | Note
-------+----------+-------------------------------------------
     0 | D:1      | Fang the Gargoyle Berserker began the quest for the Orb.
     0 | D:1      | Reached XP level 1. HP: 14/14 MP: 1/1
   105 | D:1      | Reached XP level 2. HP: 19/19 MP: 2/2
   219 | D:1      | Reached XP level 3. HP: 17/24 MP: 3/3
   538 | D:1      | Reached ** piety under Trog
  1139 | D:2      | Found a bloodstained altar of Trog.
  1267 | D:2      | Reached XP level 4. HP: 24/29 MP: 4/4
  1688 | D:3      | Noticed antares's ghost (amateur OpCj)
  1691 | D:3      | Killed from afar by antares's ghost

Skill      XL: |  1  2  3 |
---------------+----------+-----
Axes           | 3 |  3.6
Dodging        | 2 |  2.2
Fighting       | |  3.9
Armour         | |  2.5

Action                   |  1- 3 |  4- 6 || total
-------------------------+-------+-------++-------
Melee: Hand axe          |   110 |    44 ||   154
Invok: Berserk           |     1 |     1 ||     2
  Eat: Chunk             |     2 |     1 ||     3
Armor: Animal skin       |    51 |    20 ||    71
Dodge: Dodged            |   109 |    38 ||   147
